 Dungeon Crawl Stone Soup version 0.20.1-1-g8b1a95d66d (webtiles) character file.

10532 Ivernyr the Archer (level 11, -4/95 HPs)
             Began as a Centaur Hunter on Jan 3, 2018.
             Was an Elder of Okawaru.
             Slain by a six-headed hydra (13 damage)
             ... on level 11 of the Dungeon.
             The game lasted 01:00:35 (12911 turns).

Ivernyr the Archer (Centaur Hunter)                Turns: 12911, Time: 01:00:36

Health: -4/95      AC: 12    Str: 16    XL:     11   Next: 37%
Magic:  11/11      EV: 13    Int: 10    God:    Okawaru [****..]
Gold:   411        SH:  0    Dex: 12    Spells: 8/10 levels left

rFire    + . .     SeeInvis .     - Unarmed
rCold    . . .     Gourm    .   (no shield)
rNeg     . . .     Faith    .   x - +2 robe {rF+}
rPois    .         Spirit   .   g - +0 helmet
rElec    .         Reflect  .   D - +0 cloak
rCorr    +         Harm     .   m - +1 pair of gloves
MR       .....     Clarity  +   (no barding)
Stlth    +.........             b - amulet of regeneration
Regen    0.7/turn               G - ring of flight
MPRegen  0.2/turn               o - ring of resist corrosion

@: very quick
A: hooves 3, yellow scales 1, clarity, deformed body, speed 2, tough skin 3
a: Heroism, Renounce Religion, Evoke Flight


You were on level 11 of the Dungeon.
You worshipped Okawaru.
Okawaru was greatly pleased with you.
You were hungry.

You visited 1 branch of the dungeon, and saw 11 of its levels.
You visited 1 bazaar.

You collected 612 gold pieces.
You spent 201 gold pieces at shops.

Inventory:

Hand Weapons
 a - a +1 shortbow
Missiles
 d - 29 arrows
Armour
 g - a +0 helmet (worn)
 m - a +1 pair of gloves (worn)
 x - a +2 robe of fire resistance (worn)
 D - a +0 cloak (worn)
Jewellery
 b - an amulet of regeneration (around neck)
 o - a ring of resist corrosion (right hand)
 t - a +2 amulet of reflection
 G - a ring of flight (left hand)
Wands
 u - a wand of digging (13/24)
 A - a wand of disintegration (5/24)
 H - a wand of lightning (7/15)
Scrolls
 e - a scroll of magic mapping
 k - 8 scrolls of remove curse
 n - 2 scrolls of enchant armour {unknown}
 q - 10 scrolls of teleportation
 r - 5 scrolls of amnesia
 v - 2 scrolls of fog {unknown}
 y - a scroll of summoning
 C - a scroll of fear {unknown}
 E - 2 scrolls of random uselessness {unknown}
 K - a scroll of holy word {unknown}
Potions
 c - a potion of flight {unknown}
 h - 2 potions of curing
 j - 3 potions of heal wounds
 l - 2 potions of cancellation
 s - a potion of magic {unknown}
 z - a potion of ambrosia
 L - a potion of invisibility {unknown}
Books
 F - a book of Enchantments

   Spells                             Type                      Level
   a - Cause Fear                     Hexes                        4
   b - Yara's Violent Unravelling     Hexes/Transmutation          5
   c - Silence                        Hexes/Air                    5
   d - Deflect Missiles               Charms/Air                   6
   e - Discord                        Hexes                        8
 I - a book of Battle

   Spells                             Type                      Level
   a - Infusion                       Charms                       1
   b - Shroud of Golubria             Charms/Translocation         2
   c - Song of Slaying                Charms                       2
   d - Spectral Weapon                Hexes/Charms                 3
   e - Regeneration                   Charms/Necromancy            3
 N - a book of Frost

   Spells                             Type                      Level
   a - Freeze                         Ice                          1
   b - Throw Frost                    Conjuration/Ice              2
   c - Ozocubu's Armour               Charms/Ice                   3
   d - Throw Icicle                   Conjuration/Ice              4
   e - Summon Ice Beast               Ice/Summoning                4
Comestibles
 f - 4 bread rations
 p - 9 royal jellies
 w - 6 fruits
 B - 4 meat rations


   Skills:
 + Level 8.7 Fighting
 * Level 14.8 Bows
 + Level 6.3 Dodging
 - Level 0.4 Stealth
 + Level 7.9 Unarmed Combat


You had 8 spell levels left.
You knew the following spells:

 Your Spells              Type           Power        Failure   Level  Hunger
a - Song of Slaying       Chrm           #.......     50%         2    ###....


Dungeon Overview and Level Annotations

Branches:
Dungeon (11/15)            Temple (0/1) D:7            Lair (0/6) D:11
    Orc (0/2) D:9

Altars:
Ashenzari
Dithmenos
Makhleb
Nemelex Xobeh
Okawaru
Beogh

Shops:
D:5 !   D:8 }

Annotations:
D:3 Willow's ghost, amateur DrBe
D:11 Maurice; Snorg


Innate Abilities, Weirdness & Mutations

You have hooves in place of feet.
Armour fits poorly on your strangely shaped body.
You cover ground very quickly.
You have extremely tough skin. (AC +3)
You are partially covered in yellow scales. (AC +2)
You possess an exceptional clarity of mind.


Message History

The basilisk gazes at you. You resist with some effort.
You hit the basilisk.
The basilisk is lightly wounded.
The six-headed hydra bites you! The six-headed hydra bites you.
The six-headed hydra bites you but does no damage.
The six-headed hydra barely misses you. The six-headed hydra bites you.
The six-headed hydra bites you! The basilisk bites you!
* * * LOW HITPOINT WARNING * * *
You're too confused to move!
You feel less invigorated.
You feel less confused.
The orc shouts! x2
The six-headed hydra misses you. The six-headed hydra bites you.
* * * LOW HITPOINT WARNING * * *
The six-headed hydra bites you.
* * * LOW HITPOINT WARNING * * *
The six-headed hydra bites you!
* * * LOW HITPOINT WARNING * * *
The six-headed hydra bites you!
You die...

,,,,,,,,...*.##...,.>.....####
,,,..).........$..,,.........#
,,,,.......T...Z.,,,.........#
,,,,*...........#,,,..=.#....#
*,*,,,....##.#..#,,P.P..#...<#
*,***##......#T.#*,....##.#.##
*,**,,..........###...#*#....#***
#.#*,**#.............#* ###....,*
...,,*##.......D@..#.# #.###D,
*,*####..#......l..#,* #.# *,.
*,##............o..#,* #.# **,
#.#.>#..##........o..# #.# *,
#.#?#..##.#.#.....o..#* *,* *,
#.#.#.##..............# *,* *,
#.#..(#...............#****,* *,
#....<(.(.......oo##....,**,* *,
....#(.........#...*....,**,*****


You could see Snorg, a six-headed hydra, a basilisk, an orc warrior, 4 orcs and
a bullfrog zombie (wandering).

Vanquished Creatures
  A two-headed ogre (D:6)
  The ghost of Elizilla the Basher, a novice FoFi of Uskayaw (D:9)
  The ghost of Willow the Fighter, a novice DrBe of Trog (D:8)
  An ugly thing (D:10)
  The ghost of dengdeng the Poker, a novice MiBe of Trog (D:7)
  A centaur skeleton (D:11)
  A queen bee (D:9)
  A hippogriff (D:3)
  Sigmund (D:5)
  5 yaks (D:9)
  A wraith (D:10)
  A wyvern (D:8)
  A basilisk (D:11)
  A hungry ghost (D:11)
  Menkaure (D:6)
  4 orc warriors
  6 sky beasts
  An eye of draining (D:6)
  2 ice beasts
  3 phantoms
  4 ogres
  2 centaurs
  A crocodile (D:10)
  2 big kobolds
  Blork the orc (D:4)
  5 bullfrogs
  3 scorpions
  A water moccasin skeleton (D:8)
  16 killer bees (D:9)
  3 wights (D:11)
  3 howler monkeys
  4 crimson imps
  2 bullfrog zombies
  A centaur zombie (D:8)
  8 orc priests
  A jelly (D:9)
  17 orc wizards
  Crazy Yiuf (D:7)
  2 bullfrog skeletons
  9 hounds
  4 iguanas
  8 worker ants
  A killer bee zombie (D:10)
  2 worker ant zombies (D:6)
  17 gnolls
  13 adders
  A shadow imp (D:8)
  3 oozes
  An adder zombie (D:6)
  An adder skeleton (D:8)
  5 worms
  2 dart slugs
  3 leopard geckos
  59 orcs
  3 ball pythons
  4 bats (D:1)
  3 giant cockroaches
  7 goblins
  10 hobgoblins
  10 jackals
  3 quokkas
  4 frilled lizards
  17 kobolds
  2 leopard gecko skeletons
  2 quokka skeletons
  7 rats
313 creatures vanquished.

Vanquished Creatures (others)
  A fungus (D:7)
1 creature vanquished.

Grand Total: 314 creatures vanquished

Notes
Turn   | Place    | Note
-------+----------+-------------------------------------------
     0 | D:1      | Ivernyr the Centaur Hunter began the quest for the Orb.
     0 | D:1      | Reached XP level 1. HP: 17/17 MP: 1/1
   185 | D:1      | Reached XP level 2. HP: 24/24 MP: 2/2
   346 | D:1      | Reached skill level 1 in Unarmed Combat
   729 | D:2      | Reached XP level 3. HP: 30/30 MP: 3/3
  1299 | D:2      | Reached XP level 4. HP: 37/37 MP: 4/4
  1574 | D:3      | Noticed a hippogriff
  1595 | D:3      | Noticed Willow's ghost (amateur DrBe)
  1617 | D:3      | Killed a hippogriff
  1617 | D:3      | Reached skill level 6 in Bows
  1617 | D:3      | Reached XP level 5. HP: 9/45 MP: 5/5
  1738 | D:2      | Reached skill level 7 in Bows
  1738 | D:2      | Reached XP level 6. HP: 51/51 MP: 6/6
  2823 | D:4      | Noticed Blork the orc
  2839 | D:4      | Killed Blork the orc
  3067 | D:4      | Found a shadowy altar of Dithmenos.
  3237 | D:4      | Reached skill level 8 in Bows
  3292 | D:4      | Reached XP level 7. HP: 56/59 MP: 7/7
  3487 | D:4      | Got a warped chain mail
  3498 | D:4      | Identified the cursed +1 chain mail of Disappointment {rF+ Regen+ Dex-5} (You found it on level 4 of the Dungeon)
  3982 | D:5      | Entered Level 5 of the Dungeon
  4416 | D:5      | Reached skill level 9 in Bows
  4613 | D:5      | Reached XP level 8. HP: 20/67 MP: 8/8
  4788 | D:5      | Gained mutation: You are partially covered in yellow scales. (AC +2) [mutagenic meat]
  4789 | D:5      | Gained mutation: You possess an exceptional clarity of mind. [mutagenic meat]
  4886 | D:5      | Reached skill level 5 in Fighting
  5093 | D:5      | Noticed Sigmund
  5232 | D:5      | Killed Sigmund
  5232 | D:5      | Reached skill level 10 in Bows
  5352 | D:5      | Found Sinuhe's Distillery.
  5360 | D:5      | Bought 2 potions of curing for 84 gold pieces
  5539 | D:5      | Found a sparkling altar of Nemelex Xobeh.
  5707 | D:6      | Noticed a two-headed ogre
  5772 | D:6      | Killed a two-headed ogre
  5772 | D:6      | Reached skill level 11 in Bows
  5772 | D:6      | Reached skill level 5 in Unarmed Combat
  5772 | D:6      | Reached XP level 9. HP: 75/75 MP: 9/9
  5908 | D:6      | Got a transparent leather armour
  5919 | D:6      | Identified the +2 leather armour of the Vacuum {rElec rF++ Dex-3} (You found it on level 6 of the Dungeon)
  6136 | D:6      | Noticed Menkaure
  6190 | D:6      | Killed Menkaure
  6860 | D:7      | Found a sparkling altar of Nemelex Xobeh.
  6861 | D:7      | Found a burning altar of Makhleb.
  6861 | D:7      | Found a shattered altar of Ashenzari.
  6863 | D:7      | Found an iron altar of Okawaru.
  6878 | D:7      | Reached skill level 12 in Bows
  6938 | D:7      | Became a worshipper of Warmaster Okawaru
  7024 | D:7      | Found a runed door.
  7155 | D:7      | Reached skill level 5 in Dodging
  7235 | D:7      | Learned a level 2 spell: Song of Slaying
  7248 | D:7      | Noticed dengdeng's ghost (novice MiBe)
  7291 | D:7      | Killed dengdeng's ghost
  7433 | D:7      | Found a staircase to the Ecumenical Temple.
  7698 | D:7      | Noticed Crazy Yiuf
  7705 | D:7      | Paralysed by Crazy Yiuf for 6 turns
  7827 | D:7      | Killed Crazy Yiuf
  7866 | D:8      | Reached XP level 10. HP: 84/84 MP: 10/10
  7953 | D:8      | Noticed Willow's ghost (novice DrBe)
  8189 | D:8      | Reached * piety under Okawaru
  8680 | D:8      | Killed Willow's ghost
  8782 | D:8      | Reached skill level 13 in Bows
  9028 | D:8      | Found Emuyrpho's Gadget Shop.
  9658 | D:9      | Found a staircase to the Orcish Mines.
  9658 | D:9      | Noticed Elizilla's ghost (novice FoFi)
  9725 | D:9      | Killed Elizilla's ghost
  9725 | D:9      | Reached ** piety under Okawaru
  9776 | D:9      | Found a roughly hewn altar of Beogh.
 10116 | D:9      | Reached skill level 14 in Bows
 10551 | D:9      | Reached *** piety under Okawaru
 10551 | D:9      | Reached XP level 11. HP: 52/94 MP: 11/11
 11603 | D:10     | Entered Level 10 of the Dungeon
 11901 | D:10     | Received a gift from Okawaru
 12247 | D:11     | Noticed Maurice
 12299 | D:11     | Found a flickering gateway to a bazaar.
 12319 | Bazaar   | Entered a bazaar
 12348 | Bazaar   | Found Hiuwkead's Jewellery Shop.
 12348 | Bazaar   | Found Qyel's Magic Scroll Boutique.
 12375 | Bazaar   | Bought a scroll of identify for 18 gold pieces
 12375 | Bazaar   | Bought a scroll of teleportation for 27 gold pieces
 12375 | Bazaar   | Bought a scroll of teleportation for 27 gold pieces
 12375 | Bazaar   | Bought a scroll of identify for 18 gold pieces
 12375 | Bazaar   | Bought a scroll of teleportation for 27 gold pieces
 12411 | D:11     | Noticed Snorg
 12447 | D:11     | Found a staircase to the Lair.
 12449 | D:11     | Noticed a six-headed hydra
 12716 | D:11     | Noticed a red ugly thing
 12799 | D:10     | Killed a red ugly thing
 12799 | D:10     | Reached **** piety under Okawaru
 12911 | D:11     | Slain by a six-headed hydra

Skill      XL: |  1  2  3  4  5  6  7  8  9 10 |
---------------+-------------------------------+-----
Unarmed Combat | 1 2 3 4 5 6 7 |  7.9
Fighting       | 3 4 6 8 |  8.7
Bows           | 6 7 8 9 11 12 14 | 14.8
Dodging        | 2 3 4 5 6 |  6.3
Stealth        | |  0.4

Action                   |  1- 3 |  4- 6 |  7- 9 | 10-12 || total
-------------------------+-------+-------+-------+-------++-------
Melee: Unarmed           |   153 |   155 |   638 |   414 ||  1360
       Kick              |    36 |    37 |   165 |    99 ||   337
       Punch             |     1 |       |    14 |    16 ||    31
 Fire: Shortbow          |     5 |    80 |   128 |   405 ||   618
Invok: Heroism           |       |       |       |     1 ||     1
  Use: Scroll            |       |       |     3 |     8 ||    11
       Potion            |       |       |       |     1 ||     1
  Eat: Chunk             |       |     6 |    13 |    14 ||    33
       Fruit             |       |       |       |     1 ||     1
Armor: Leather armour    |    48 |       |       |       ||    48
       Skin              |       |    26 |       |       ||    26
       Robe              |       |    30 |   247 |   184 ||   461
Dodge: Dodged            |    76 |    71 |   265 |   314 ||   726
